%YAML 1.1
%TAG !u! tag:unity3d.com,2011:
--- !u!1 &2560560125538981850
GameObject:
  m_ObjectHideFlags: 0
  m_CorrespondingSourceObject: {fileID: 0}
  m_PrefabInstance: {fileID: 0}
  m_PrefabAsset: {fileID: 0}
  serializedVersion: 6
  m_Component:
  - component: {fileID: 2560560125538981851}
  - component: {fileID: 827771089501907502}
  - component: {fileID: 3016542300341937241}
  m_Layer: 0
  m_Name: ImageDecoration
  m_TagString: Untagged
  m_Icon: {fileID: 0}
  m_NavMeshLayer: 0
  m_StaticEditorFlags: 0
  m_IsActive: 1
--- !u!4 &2560560125538981851
Transform:
  m_ObjectHideFlags: 0
  m_CorrespondingSourceObject: {fileID: 0}
  m_PrefabInstance: {fileID: 0}
  m_PrefabAsset: {fileID: 0}
  m_GameObject: {fileID: 2560560125538981850}
  m_LocalRotation: {x: 0, y: 0, z: 0, w: 1}
  m_LocalPosition: {x: 0, y: 0, z: 0}
  m_LocalScale: {x: 1, y: 1, z: 1}
  m_Children:
  - {fileID: 2564828925372265849}
  - {fileID: 2560560127024081035}
  - {fileID: 5364237908490347760}
  m_Father: {fileID: 0}
  m_RootOrder: 0
  m_LocalEulerAnglesHint: {x: 0, y: 0, z: 0}
--- !u!114 &827771089501907502
MonoBehaviour:
  m_ObjectHideFlags: 0
  m_CorrespondingSourceObject: {fileID: 0}
  m_PrefabInstance: {fileID: 0}
  m_PrefabAsset: {fileID: 0}
  m_GameObject: {fileID: 2560560125538981850}
  m_Enabled: 1
  m_EditorHideFlags: 0
  m_Script: {fileID: 11500000, guid: 23f413a0e085cdc47908f99f5df9c0e3, type: 3}
  m_Name: 
  m_EditorClassIdentifier: 
  DecorationContainer: {fileID: 2560560127024081034}
  Description: 
--- !u!114 &3016542300341937241
MonoBehaviour:
  m_ObjectHideFlags: 0
  m_CorrespondingSourceObject: {fileID: 0}
  m_PrefabInstance: {fileID: 0}
  m_PrefabAsset: {fileID: 0}
  m_GameObject: {fileID: 2560560125538981850}
  m_Enabled: 1
  m_EditorHideFlags: 0
  m_Script: {fileID: 11500000, guid: 1410eac1ae94b4d4492a09cc368e152c, type: 3}
  m_Name: 
  m_EditorClassIdentifier: 
  Enabled: 1
  States: {fileID: 11400000, guid: 5eac1712038236e4b8ffdb3893804fe1, type: 2}
  InputAction:
    id: 0
    description: 
    axisConstraint: 0
  InputActionId: 0
  IsGlobal: 0
  Dimensions: 1
  StartDimensionIndex: 0
  CanSelect: 1
  CanDeselect: 1
  VoiceCommand: 
  RequiresFocus: 1
  Profiles:
  - Target: {fileID: 0}
    Themes:
    - {fileID: 11400000, guid: 34927bf1a1259e141a45f1dedff98d7f, type: 2}
    HadDefaultTheme: 1
  OnClick:
    m_PersistentCalls:
      m_Calls:
      - m_Target: {fileID: 827771089501907502}
        m_MethodName: ToggleAppBar
        m_Mode: 1
        m_Arguments:
          m_ObjectArgument: {fileID: 0}
          m_ObjectArgumentAssemblyTypeName: UnityEngine.Object, UnityEngine
          m_IntArgument: 0
          m_FloatArgument: 0
          m_StringArgument: 
          m_BoolArgument: 1
        m_CallState: 2
  Events: []
  dimensionIndex: 0
--- !u!1 &2560560127024081034
GameObject:
  m_ObjectHideFlags: 0
  m_CorrespondingSourceObject: {fileID: 0}
  m_PrefabInstance: {fileID: 0}
  m_PrefabAsset: {fileID: 0}
  serializedVersion: 6
  m_Component:
  - component: {fileID: 2560560127024081035}
  - component: {fileID: 2560560127024081030}
  - component: {fileID: 2560560127024081033}
  - component: {fileID: 8626468552528760902}
  - component: {fileID: 2560560127024081029}
  - component: {fileID: 2560560127024081026}
  - component: {fileID: 2560560127024081028}
  - component: {fileID: 7972894229268984597}
  - component: {fileID: 7504811136650838098}
  m_Layer: 0
  m_Name: Decoration
  m_TagString: Untagged
  m_Icon: {fileID: 0}
  m_NavMeshLayer: 0
  m_StaticEditorFlags: 0
  m_IsActive: 1
--- !u!4 &2560560127024081035
Transform:
  m_ObjectHideFlags: 0
  m_CorrespondingSourceObject: {fileID: 0}
  m_PrefabInstance: {fileID: 0}
  m_PrefabAsset: {fileID: 0}
  m_GameObject: {fileID: 2560560127024081034}
  m_LocalRotation: {x: -0, y: -0, z: -0, w: 1}
  m_LocalPosition: {x: 0, y: 0, z: 0}
  m_LocalScale: {x: 0.1, y: 0.1, z: 0.1}
  m_Children:
  - {fileID: 1880658466297602494}
  m_Father: {fileID: 2560560125538981851}
  m_RootOrder: 1
  m_LocalEulerAnglesHint: {x: 0, y: 0, z: 0}
--- !u!33 &2560560127024081030
MeshFilter:
  m_ObjectHideFlags: 0
  m_CorrespondingSourceObject: {fileID: 0}
  m_PrefabInstance: {fileID: 0}
  m_PrefabAsset: {fileID: 0}
  m_GameObject: {fileID: 2560560127024081034}
  m_Mesh: {fileID: 10210, guid: 0000000000000000e000000000000000, type: 0}
--- !u!23 &2560560127024081033
MeshRenderer:
  m_ObjectHideFlags: 0
  m_CorrespondingSourceObject: {fileID: 0}
  m_PrefabInstance: {fileID: 0}
  m_PrefabAsset: {fileID: 0}
  m_GameObject: {fileID: 2560560127024081034}
  m_Enabled: 1
  m_CastShadows: 1
  m_ReceiveShadows: 1
  m_DynamicOccludee: 1
  m_MotionVectors: 1
  m_LightProbeUsage: 1
  m_ReflectionProbeUsage: 1
  m_RenderingLayerMask: 1
  m_RendererPriority: 0
  m_Materials:
  - {fileID: 2100000, guid: 23c7d747fa78c9b4caafd51ee08a96b9, type: 2}
  m_StaticBatchInfo:
    firstSubMesh: 0
    subMeshCount: 0
  m_StaticBatchRoot: {fileID: 0}
  m_ProbeAnchor: {fileID: 0}
  m_LightProbeVolumeOverride: {fileID: 0}
  m_ScaleInLightmap: 1
  m_PreserveUVs: 0
  m_IgnoreNormalsForChartDetection: 0
  m_ImportantGI: 0
  m_StitchLightmapSeams: 0
  m_SelectedEditorRenderState: 3
  m_MinimumChartSize: 4
  m_AutoUVMaxDistance: 0.5
  m_AutoUVMaxAngle: 89
  m_LightmapParameters: {fileID: 0}
  m_SortingLayerID: 0
  m_SortingLayer: 0
  m_SortingOrder: 0
--- !u!65 &8626468552528760902
BoxCollider:
  m_ObjectHideFlags: 0
  m_CorrespondingSourceObject: {fileID: 0}
  m_PrefabInstance: {fileID: 0}
  m_PrefabAsset: {fileID: 0}
  m_GameObject: {fileID: 2560560127024081034}
  m_Material: {fileID: 0}
  m_IsTrigger: 0
  m_Enabled: 1
  serializedVersion: 2
  m_Size: {x: 1.1, y: 1.1, z: 6.1232336e-17}
  m_Center: {x: 0, y: 0, z: 0}
--- !u!114 &2560560127024081029
MonoBehaviour:
  m_ObjectHideFlags: 0
  m_CorrespondingSourceObject: {fileID: 0}
  m_PrefabInstance: {fileID: 0}
  m_PrefabAsset: {fileID: 0}
  m_GameObject: {fileID: 2560560127024081034}
  m_Enabled: 0
  m_EditorHideFlags: 0
  m_Script: {fileID: 11500000, guid: 5afd5316c63705643b3daba5a6e923bd, type: 3}
  m_Name: 
  m_EditorClassIdentifier: 
  ShowTetherWhenManipulating: 0
--- !u!114 &2560560127024081026
MonoBehaviour:
  m_ObjectHideFlags: 0
  m_CorrespondingSourceObject: {fileID: 0}
  m_PrefabInstance: {fileID: 0}
  m_PrefabAsset: {fileID: 0}
  m_GameObject: {fileID: 2560560127024081034}
  m_Enabled: 0
  m_EditorHideFlags: 0
  m_Script: {fileID: 11500000, guid: 03daa81ea5f685f4ebf6e32038d058ca, type: 3}
  m_Name: 
  m_EditorClassIdentifier: 
  hostTransform: {fileID: 0}
  manipulationType: 0
  twoHandedManipulationType: 2
  allowFarManipulation: 1
  oneHandRotationModeNear: 6
  oneHandRotationModeFar: 6
  releaseBehavior: 3
  constraintOnRotation: 0
  constraintOnMovement: 0
  smoothingActive: 1
  smoothingAmountOneHandManip: 0.001
  OnManipulationStarted:
    m_PersistentCalls:
      m_Calls:
      - m_Target: {fileID: 2560560127024081028}
        m_MethodName: PlayOneShot
        m_Mode: 2
        m_Arguments:
          m_ObjectArgument: {fileID: 8300000, guid: 72d90092d0f1a734eb1cfcf71b8fa2e4,
            type: 3}
          m_ObjectArgumentAssemblyTypeName: UnityEngine.AudioClip, UnityEngine
          m_IntArgument: 0
          m_FloatArgument: 0
          m_StringArgument: 
          m_BoolArgument: 0
        m_CallState: 2
      - m_Target: {fileID: 0}
        m_MethodName: HighlightWires
        m_Mode: 1
        m_Arguments:
          m_ObjectArgument: {fileID: 0}
          m_ObjectArgumentAssemblyTypeName: UnityEngine.Object, UnityEngine
          m_IntArgument: 0
          m_FloatArgument: 0
          m_StringArgument: 
          m_BoolArgument: 0
        m_CallState: 2
      - m_Target: {fileID: 7972894229268984597}
        m_MethodName: set_enabled
        m_Mode: 6
        m_Arguments:
          m_ObjectArgument: {fileID: 0}
          m_ObjectArgumentAssemblyTypeName: UnityEngine.Object, UnityEngine
          m_IntArgument: 0
          m_FloatArgument: 0
          m_StringArgument: 
          m_BoolArgument: 1
        m_CallState: 2
  OnManipulationEnded:
    m_PersistentCalls:
      m_Calls:
      - m_Target: {fileID: 2560560127024081028}
        m_MethodName: PlayOneShot
        m_Mode: 2
        m_Arguments:
          m_ObjectArgument: {fileID: 8300000, guid: ec33d8a6027c1574390812966f8aef94,
            type: 3}
          m_ObjectArgumentAssemblyTypeName: UnityEngine.AudioClip, UnityEngine
          m_IntArgument: 0
          m_FloatArgument: 0
          m_StringArgument: 
          m_BoolArgument: 0
        m_CallState: 2
      - m_Target: {fileID: 0}
        m_MethodName: UnhighlightWires
        m_Mode: 1
        m_Arguments:
          m_ObjectArgument: {fileID: 0}
          m_ObjectArgumentAssemblyTypeName: UnityEngine.Object, UnityEngine
          m_IntArgument: 0
          m_FloatArgument: 0
          m_StringArgument: 
          m_BoolArgument: 0
        m_CallState: 2
      - m_Target: {fileID: 7972894229268984597}
        m_MethodName: set_enabled
        m_Mode: 6
        m_Arguments:
          m_ObjectArgument: {fileID: 0}
          m_ObjectArgumentAssemblyTypeName: UnityEngine.Object, UnityEngine
          m_IntArgument: 0
          m_FloatArgument: 0
          m_StringArgument: 
          m_BoolArgument: 0
        m_CallState: 2
  OnHoverEntered:
    m_PersistentCalls:
      m_Calls: []
  OnHoverExited:
    m_PersistentCalls:
      m_Calls: []
--- !u!82 &2560560127024081028
AudioSource:
  m_ObjectHideFlags: 0
  m_CorrespondingSourceObject: {fileID: 0}
  m_PrefabInstance: {fileID: 0}
  m_PrefabAsset: {fileID: 0}
  m_GameObject: {fileID: 2560560127024081034}
  m_Enabled: 1
  serializedVersion: 4
  OutputAudioMixerGroup: {fileID: 0}
  m_audioClip: {fileID: 0}
  m_PlayOnAwake: 1
  m_Volume: 1
  m_Pitch: 1
  Loop: 0
  Mute: 0
  Spatialize: 0
  SpatializePostEffects: 0
  Priority: 128
  DopplerLevel: 1
  MinDistance: 1
  MaxDistance: 500
  Pan2D: 0
  rolloffMode: 0
  BypassEffects: 0
  BypassListenerEffects: 0
  BypassReverbZones: 0
  rolloffCustomCurve:
    serializedVersion: 2
    m_Curve:
    - serializedVersion: 3
      time: 0
      value: 1
      inSlope: 0
      outSlope: 0
      tangentMode: 0
      weightedMode: 0
      inWeight: 0.33333334
      outWeight: 0.33333334
    - serializedVersion: 3
      time: 1
      value: 0
      inSlope: 0
      outSlope: 0
      tangentMode: 0
      weightedMode: 0
      inWeight: 0.33333334
      outWeight: 0.33333334
    m_PreInfinity: 2
    m_PostInfinity: 2
    m_RotationOrder: 4
  panLevelCustomCurve:
    serializedVersion: 2
    m_Curve:
    - serializedVersion: 3
      time: 0
      value: 0
      inSlope: 0
      outSlope: 0
      tangentMode: 0
      weightedMode: 0
      inWeight: 0.33333334
      outWeight: 0.33333334
    m_PreInfinity: 2
    m_PostInfinity: 2
    m_RotationOrder: 4
  spreadCustomCurve:
    serializedVersion: 2
    m_Curve:
    - serializedVersion: 3
      time: 0
      value: 0
      inSlope: 0
      outSlope: 0
      tangentMode: 0
      weightedMode: 0
      inWeight: 0.33333334
      outWeight: 0.33333334
    m_PreInfinity: 2
    m_PostInfinity: 2
    m_RotationOrder: 4
  reverbZoneMixCustomCurve:
    serializedVersion: 2
    m_Curve:
    - serializedVersion: 3
      time: 0
      value: 1
      inSlope: 0
      outSlope: 0
      tangentMode: 0
      weightedMode: 0
      inWeight: 0.33333334
      outWeight: 0.33333334
    m_PreInfinity: 2
    m_PostInfinity: 2
    m_RotationOrder: 4
--- !u!114 &7972894229268984597
MonoBehaviour:
  m_ObjectHideFlags: 0
  m_CorrespondingSourceObject: {fileID: 0}
  m_PrefabInstance: {fileID: 0}
  m_PrefabAsset: {fileID: 0}
  m_GameObject: {fileID: 2560560127024081034}
  m_Enabled: 0
  m_EditorHideFlags: 0
  m_Script: {fileID: 11500000, guid: b55691ad5b034fe6966763a6e23818d2, type: 3}
  m_Name: 
  m_EditorClassIdentifier: 
  trackedTargetType: 7
  trackedHandness: 3
  trackedHandJoint: 2
  transformOverride: {fileID: 2560560127024081035}
  additionalOffset: {x: 0, y: 0, z: 0}
  additionalRotation: {x: 0, y: 180, z: 0}
  updateSolvers: 1
--- !u!114 &7504811136650838098
MonoBehaviour:
  m_ObjectHideFlags: 0
  m_CorrespondingSourceObject: {fileID: 0}
  m_PrefabInstance: {fileID: 0}
  m_PrefabAsset: {fileID: 0}
  m_GameObject: {fileID: 2560560127024081034}
  m_Enabled: 0
  m_EditorHideFlags: 0
  m_Script: {fileID: 11500000, guid: 3e9078183f524b1baa8197daf640b60f, type: 3}
  m_Name: 
  m_EditorClassIdentifier: 
  updateLinkedTransform: 0
  moveLerpTime: 0.5
  rotateLerpTime: 0.5
  scaleLerpTime: 0
  maintainScale: 1
  smoothing: 1
  lifetime: 0
  magneticSurfaces:
  - serializedVersion: 2
    m_Bits: 2147483648
  maxRaycastDistance: 1
  closestDistance: 0.1
  surfaceNormalOffset: 0.1
  surfaceRayOffset: 0
  raycastMode: 0
  boxRaysPerEdge: 3
  orthographicBoxCast: 0
  maximumNormalVariance: 0.1
  sphereSize: 1
  volumeCastSizeOverride: 0
  useLinkedAltScaleOverride: 0
  currentRaycastDirectionMode: 0
  orientationMode: 2
  orientationBlend: 0.65
  keepOrientationVertical: 0
  debugEnabled: 1
--- !u!1 &3600738811897832979
GameObject:
  m_ObjectHideFlags: 0
  m_CorrespondingSourceObject: {fileID: 0}
  m_PrefabInstance: {fileID: 0}
  m_PrefabAsset: {fileID: 0}
  serializedVersion: 6
  m_Component:
  - component: {fileID: 1880658466297602494}
  - component: {fileID: 4707288086218396373}
  - component: {fileID: 3149822960987544978}
  - component: {fileID: 4263602438594939166}
  m_Layer: 0
  m_Name: Cube
  m_TagString: Untagged
  m_Icon: {fileID: 0}
  m_NavMeshLayer: 0
  m_StaticEditorFlags: 0
  m_IsActive: 1
--- !u!4 &1880658466297602494
Transform:
  m_ObjectHideFlags: 0
  m_CorrespondingSourceObject: {fileID: 0}
  m_PrefabInstance: {fileID: 0}
  m_PrefabAsset: {fileID: 0}
  m_GameObject: {fileID: 3600738811897832979}
  m_LocalRotation: {x: 0, y: 0, z: 0, w: 1}
  m_LocalPosition: {x: 0, y: 0, z: -0.055}
  m_LocalScale: {x: 1, y: 1, z: 0.1}
  m_Children: []
  m_Father: {fileID: 2560560127024081035}
  m_RootOrder: 0
  m_LocalEulerAnglesHint: {x: 0, y: 0, z: 0}
--- !u!33 &4707288086218396373
MeshFilter:
  m_ObjectHideFlags: 0
  m_CorrespondingSourceObject: {fileID: 0}
  m_PrefabInstance: {fileID: 0}
  m_PrefabAsset: {fileID: 0}
  m_GameObject: {fileID: 3600738811897832979}
  m_Mesh: {fileID: 10202, guid: 0000000000000000e000000000000000, type: 0}
--- !u!23 &3149822960987544978
MeshRenderer:
  m_ObjectHideFlags: 0
  m_CorrespondingSourceObject: {fileID: 0}
  m_PrefabInstance: {fileID: 0}
  m_PrefabAsset: {fileID: 0}
  m_GameObject: {fileID: 3600738811897832979}
  m_Enabled: 1
  m_CastShadows: 1
  m_ReceiveShadows: 1
  m_DynamicOccludee: 1
  m_MotionVectors: 1
  m_LightProbeUsage: 1
  m_ReflectionProbeUsage: 1
  m_RenderingLayerMask: 1
  m_RendererPriority: 0
  m_Materials:
  - {fileID: 2100000, guid: a5e028070ace428d8971079be1d965a6, type: 2}
  m_StaticBatchInfo:
    firstSubMesh: 0
    subMeshCount: 0
  m_StaticBatchRoot: {fileID: 0}
  m_ProbeAnchor: {fileID: 0}
  m_LightProbeVolumeOverride: {fileID: 0}
  m_ScaleInLightmap: 1
  m_PreserveUVs: 0
  m_IgnoreNormalsForChartDetection: 0
  m_ImportantGI: 0
  m_StitchLightmapSeams: 0
  m_SelectedEditorRenderState: 3
  m_MinimumChartSize: 4
  m_AutoUVMaxDistance: 0.5
  m_AutoUVMaxAngle: 89
  m_LightmapParameters: {fileID: 0}
  m_SortingLayerID: 0
  m_SortingLayer: 0
  m_SortingOrder: 0
--- !u!65 &4263602438594939166
BoxCollider:
  m_ObjectHideFlags: 0
  m_CorrespondingSourceObject: {fileID: 0}
  m_PrefabInstance: {fileID: 0}
  m_PrefabAsset: {fileID: 0}
  m_GameObject: {fileID: 3600738811897832979}
  m_Material: {fileID: 0}
  m_IsTrigger: 0
  m_Enabled: 1
  serializedVersion: 2
  m_Size: {x: 1, y: 1, z: 1}
  m_Center: {x: 0, y: 0, z: 0}
--- !u!1 &4658518136510084241
GameObject:
  m_ObjectHideFlags: 0
  m_CorrespondingSourceObject: {fileID: 0}
  m_PrefabInstance: {fileID: 0}
  m_PrefabAsset: {fileID: 0}
  serializedVersion: 6
  m_Component:
  - component: {fileID: 5364237908490347760}
  - component: {fileID: 5359520516824861411}
  m_Layer: 0
  m_Name: BoundingBox
  m_TagString: Untagged
  m_Icon: {fileID: 0}
  m_NavMeshLayer: 0
  m_StaticEditorFlags: 0
  m_IsActive: 1
--- !u!4 &5364237908490347760
Transform:
  m_ObjectHideFlags: 0
  m_CorrespondingSourceObject: {fileID: 0}
  m_PrefabInstance: {fileID: 0}
  m_PrefabAsset: {fileID: 0}
  m_GameObject: {fileID: 4658518136510084241}
  m_LocalRotation: {x: 0, y: 0, z: 0, w: 1}
  m_LocalPosition: {x: 0, y: 0, z: 0}
  m_LocalScale: {x: 1, y: 1, z: 1}
  m_Children: []
  m_Father: {fileID: 2560560125538981851}
  m_RootOrder: 2
  m_LocalEulerAnglesHint: {x: 0, y: 0, z: 0}
--- !u!114 &5359520516824861411
MonoBehaviour:
  m_ObjectHideFlags: 0
  m_CorrespondingSourceObject: {fileID: 0}
  m_PrefabInstance: {fileID: 0}
  m_PrefabAsset: {fileID: 0}
  m_GameObject: {fileID: 4658518136510084241}
  m_Enabled: 1
  m_EditorHideFlags: 0
  m_Script: {fileID: 11500000, guid: 23f9be7a3cb53794ead8b55e784b65aa, type: 3}
  m_Name: 
  m_EditorClassIdentifier: 
  targetObject: {fileID: 2560560127024081034}
  boundsOverride: {fileID: 8626468552528760902}
  boundsCalculationMethod: 0
  activation: 4
  scaleMinimum: 0.2
  scaleMaximum: 0
  flattenAxis: 3
  flattenAxisDisplayScale: 0
  boxPadding: {x: 0, y: 0, z: 0}
  boxMaterial: {fileID: 0}
  boxGrabbedMaterial: {fileID: 0}
  showWireframe: 1
  wireframeShape: 0
  wireframeMaterial: {fileID: 0}
  wireframeEdgeRadius: 0.001
  handleMaterial: {fileID: 2100000, guid: 986558eab447a9847bbe138149edc1b4, type: 2}
  handleGrabbedMaterial: {fileID: 2100000, guid: bf37b5eab60b288498d02fd524325d10,
    type: 2}
  scaleHandlePrefab: {fileID: 1361136173122186969, guid: ba9083550f965e545a628b53bfa80c9e,
    type: 3}
  scaleHandleSlatePrefab: {fileID: 1134031327877807717, guid: c45e552a6d92491468c421c35c5dd63d,
    type: 3}
  scaleHandleSize: 0.016
  scaleHandleColliderPadding: {x: 0.016, y: 0.016, z: 0.016}
  rotationHandlePrefab: {fileID: 3868891704370700786, guid: 969c9b04d1b1848489de0d6efe6250fc,
    type: 3}
  rotationHandleSize: 0.016
  rotateHandleColliderPadding: {x: 0.016, y: 0.016, z: 0.016}
  rotationHandlePrefabColliderType: 1
  showScaleHandles: 1
  showRotationHandleForX: 1
  showRotationHandleForY: 1
  showRotationHandleForZ: 1
  drawTetherWhenManipulating: 1
  proximityEffectActive: 0
  handleMediumProximity: 0.1
  handleCloseProximity: 0.03
  farScale: 0
  mediumScale: 1
  closeScale: 1.5
  farGrowRate: 0.3
  mediumGrowRate: 0.2
  closeGrowRate: 0.3
  handlesIgnoreCollider: {fileID: 0}
  debugText: {fileID: 0}
  hideElementsInInspector: 1
  RotateStarted:
    m_PersistentCalls:
      m_Calls:
      - m_Target: {fileID: 2560560127024081028}
        m_MethodName: PlayOneShot
        m_Mode: 2
        m_Arguments:
          m_ObjectArgument: {fileID: 8300000, guid: 765efbcf7ca1773488edcc8ab6ba4923,
            type: 3}
          m_ObjectArgumentAssemblyTypeName: UnityEngine.AudioClip, UnityEngine
          m_IntArgument: 0
          m_FloatArgument: 0
          m_StringArgument: 
          m_BoolArgument: 0
        m_CallState: 2
  RotateStopped:
    m_PersistentCalls:
      m_Calls:
      - m_Target: {fileID: 2560560127024081028}
        m_MethodName: PlayOneShot
        m_Mode: 2
        m_Arguments:
          m_ObjectArgument: {fileID: 8300000, guid: 9d90886bb6646244e852a0acb1de3a3b,
            type: 3}
          m_ObjectArgumentAssemblyTypeName: UnityEngine.AudioClip, UnityEngine
          m_IntArgument: 0
          m_FloatArgument: 0
          m_StringArgument: 
          m_BoolArgument: 0
        m_CallState: 2
  ScaleStarted:
    m_PersistentCalls:
      m_Calls:
      - m_Target: {fileID: 2560560127024081028}
        m_MethodName: PlayOneShot
        m_Mode: 2
        m_Arguments:
          m_ObjectArgument: {fileID: 8300000, guid: bdc1f15a0c976854780adcd7e56cfb3e,
            type: 3}
          m_ObjectArgumentAssemblyTypeName: UnityEngine.AudioClip, UnityEngine
          m_IntArgument: 0
          m_FloatArgument: 0
          m_StringArgument: 
          m_BoolArgument: 0
        m_CallState: 2
  ScaleStopped:
    m_PersistentCalls:
      m_Calls:
      - m_Target: {fileID: 2560560127024081028}
        m_MethodName: PlayOneShot
        m_Mode: 2
        m_Arguments:
          m_ObjectArgument: {fileID: 8300000, guid: 23a78d131feb8774ebe5dd1ea221933e,
            type: 3}
          m_ObjectArgumentAssemblyTypeName: UnityEngine.AudioClip, UnityEngine
          m_IntArgument: 0
          m_FloatArgument: 0
          m_StringArgument: 
          m_BoolArgument: 0
        m_CallState: 2
--- !u!1001 &2560560125735902613
PrefabInstance:
  m_ObjectHideFlags: 0
  serializedVersion: 2
  m_Modification:
    m_TransformParent: {fileID: 2560560125538981851}
    m_Modifications:
    - target: {fileID: 1275815092924048, guid: 83c02591e2867124181bcd3bcb65e288, type: 3}
      propertyPath: m_Name
      value: AppBar
      objectReference: {fileID: 0}
    - target: {fileID: 1275815092924048, guid: 83c02591e2867124181bcd3bcb65e288, type: 3}
      propertyPath: m_IsActive
      value: 0
      objectReference: {fileID: 0}
    - target: {fileID: 4773597359991020, guid: 83c02591e2867124181bcd3bcb65e288, type: 3}
      propertyPath: m_LocalPosition.x
      value: 0
      objectReference: {fileID: 0}
    - target: {fileID: 4773597359991020, guid: 83c02591e2867124181bcd3bcb65e288, type: 3}
      propertyPath: m_LocalPosition.y
      value: -0.0763
      objectReference: {fileID: 0}
    - target: {fileID: 4773597359991020, guid: 83c02591e2867124181bcd3bcb65e288, type: 3}
      propertyPath: m_LocalPosition.z
      value: 0
      objectReference: {fileID: 0}
    - target: {fileID: 4773597359991020, guid: 83c02591e2867124181bcd3bcb65e288, type: 3}
      propertyPath: m_LocalRotation.x
      value: 0
      objectReference: {fileID: 0}
    - target: {fileID: 4773597359991020, guid: 83c02591e2867124181bcd3bcb65e288, type: 3}
      propertyPath: m_LocalRotation.y
      value: 0
      objectReference: {fileID: 0}
    - target: {fileID: 4773597359991020, guid: 83c02591e2867124181bcd3bcb65e288, type: 3}
      propertyPath: m_LocalRotation.z
      value: 0
      objectReference: {fileID: 0}
    - target: {fileID: 4773597359991020, guid: 83c02591e2867124181bcd3bcb65e288, type: 3}
      propertyPath: m_LocalRotation.w
      value: 1
      objectReference: {fileID: 0}
    - target: {fileID: 4773597359991020, guid: 83c02591e2867124181bcd3bcb65e288, type: 3}
      propertyPath: m_RootOrder
      value: 0
      objectReference: {fileID: 0}
    - target: {fileID: 4773597359991020, guid: 83c02591e2867124181bcd3bcb65e288, type: 3}
      propertyPath: m_LocalEulerAnglesHint.x
      value: 0
      objectReference: {fileID: 0}
    - target: {fileID: 4773597359991020, guid: 83c02591e2867124181bcd3bcb65e288, type: 3}
      propertyPath: m_LocalEulerAnglesHint.y
      value: 0
      objectReference: {fileID: 0}
    - target: {fileID: 4773597359991020, guid: 83c02591e2867124181bcd3bcb65e288, type: 3}
      propertyPath: m_LocalEulerAnglesHint.z
      value: 0
      objectReference: {fileID: 0}
    - target: {fileID: 114050950401502068, guid: 83c02591e2867124181bcd3bcb65e288,
        type: 3}
      propertyPath: boundingBox
      value: 
      objectReference: {fileID: 5359520516824861411}
    - target: {fileID: 114050950401502068, guid: 83c02591e2867124181bcd3bcb65e288,
        type: 3}
      propertyPath: m_Enabled
      value: 1
      objectReference: {fileID: 0}
    - target: {fileID: 114050950401502068, guid: 83c02591e2867124181bcd3bcb65e288,
        type: 3}
      propertyPath: state
      value: 2
      objectReference: {fileID: 0}
    - target: {fileID: 3947857685348347652, guid: 83c02591e2867124181bcd3bcb65e288,
        type: 3}
      propertyPath: OnClick.m_PersistentCalls.m_Calls.Array.size
      value: 3
      objectReference: {fileID: 0}
    - target: {fileID: 3947857685348347652, guid: 83c02591e2867124181bcd3bcb65e288,
        type: 3}
      propertyPath: OnClick.m_PersistentCalls.m_Calls.Array.data[1].m_Mode
      value: 6
      objectReference: {fileID: 0}
    - target: {fileID: 3947857685348347652, guid: 83c02591e2867124181bcd3bcb65e288,
        type: 3}
      propertyPath: OnClick.m_PersistentCalls.m_Calls.Array.data[1].m_Arguments.m_BoolArgument
      value: 1
      objectReference: {fileID: 0}
    - target: {fileID: 3947857685348347652, guid: 83c02591e2867124181bcd3bcb65e288,
        type: 3}
      propertyPath: OnClick.m_PersistentCalls.m_Calls.Array.data[1].m_CallState
      value: 2
      objectReference: {fileID: 0}
    - target: {fileID: 3947857685348347652, guid: 83c02591e2867124181bcd3bcb65e288,
        type: 3}
      propertyPath: OnClick.m_PersistentCalls.m_Calls.Array.data[2].m_Mode
      value: 6
      objectReference: {fileID: 0}
    - target: {fileID: 3947857685348347652, guid: 83c02591e2867124181bcd3bcb65e288,
        type: 3}
      propertyPath: OnClick.m_PersistentCalls.m_Calls.Array.data[2].m_Arguments.m_BoolArgument
      value: 1
      objectReference: {fileID: 0}
    - target: {fileID: 3947857685348347652, guid: 83c02591e2867124181bcd3bcb65e288,
        type: 3}
      propertyPath: OnClick.m_PersistentCalls.m_Calls.Array.data[2].m_CallState
      value: 2
      objectReference: {fileID: 0}
    - target: {fileID: 3947857685348347652, guid: 83c02591e2867124181bcd3bcb65e288,
        type: 3}
      propertyPath: OnClick.m_PersistentCalls.m_Calls.Array.data[1].m_Target
      value: 
      objectReference: {fileID: 2560560127024081029}
    - target: {fileID: 3947857685348347652, guid: 83c02591e2867124181bcd3bcb65e288,
        type: 3}
      propertyPath: OnClick.m_PersistentCalls.m_Calls.Array.data[2].m_Target
      value: 
      objectReference: {fileID: 2560560127024081026}
    - target: {fileID: 3947857685348347652, guid: 83c02591e2867124181bcd3bcb65e288,
        type: 3}
      propertyPath: OnClick.m_PersistentCalls.m_Calls.Array.data[1].m_MethodName
      value: set_enabled
      objectReference: {fileID: 0}
    - target: {fileID: 3947857685348347652, guid: 83c02591e2867124181bcd3bcb65e288,
        type: 3}
      propertyPath: OnClick.m_PersistentCalls.m_Calls.Array.data[1].m_Arguments.m_ObjectArgumentAssemblyTypeName
      value: UnityEngine.Object, UnityEngine
      objectReference: {fileID: 0}
    - target: {fileID: 3947857685348347652, guid: 83c02591e2867124181bcd3bcb65e288,
        type: 3}
      propertyPath: OnClick.m_PersistentCalls.m_Calls.Array.data[2].m_MethodName
      value: set_enabled
      objectReference: {fileID: 0}
    - target: {fileID: 3947857685348347652, guid: 83c02591e2867124181bcd3bcb65e288,
        type: 3}
      propertyPath: OnClick.m_PersistentCalls.m_Calls.Array.data[2].m_Arguments.m_ObjectArgumentAssemblyTypeName
      value: UnityEngine.Object, UnityEngine
      objectReference: {fileID: 0}
    - target: {fileID: 3947857685051957395, guid: 83c02591e2867124181bcd3bcb65e288,
        type: 3}
      propertyPath: OnClick.m_PersistentCalls.m_Calls.Array.size
      value: 4
      objectReference: {fileID: 0}
    - target: {fileID: 3947857685051957395, guid: 83c02591e2867124181bcd3bcb65e288,
        type: 3}
      propertyPath: OnClick.m_PersistentCalls.m_Calls.Array.data[1].m_Mode
      value: 6
      objectReference: {fileID: 0}
    - target: {fileID: 3947857685051957395, guid: 83c02591e2867124181bcd3bcb65e288,
        type: 3}
      propertyPath: OnClick.m_PersistentCalls.m_Calls.Array.data[1].m_CallState
      value: 2
      objectReference: {fileID: 0}
    - target: {fileID: 3947857685051957395, guid: 83c02591e2867124181bcd3bcb65e288,
        type: 3}
      propertyPath: OnClick.m_PersistentCalls.m_Calls.Array.data[2].m_Mode
      value: 6
      objectReference: {fileID: 0}
    - target: {fileID: 3947857685051957395, guid: 83c02591e2867124181bcd3bcb65e288,
        type: 3}
      propertyPath: OnClick.m_PersistentCalls.m_Calls.Array.data[2].m_CallState
      value: 2
      objectReference: {fileID: 0}
    - target: {fileID: 3947857685051957395, guid: 83c02591e2867124181bcd3bcb65e288,
        type: 3}
      propertyPath: OnClick.m_PersistentCalls.m_Calls.Array.data[1].m_Target
      value: 
      objectReference: {fileID: 2560560127024081029}
    - target: {fileID: 3947857685051957395, guid: 83c02591e2867124181bcd3bcb65e288,
        type: 3}
      propertyPath: OnClick.m_PersistentCalls.m_Calls.Array.data[2].m_Target
      value: 
      objectReference: {fileID: 2560560127024081026}
    - target: {fileID: 3947857685051957395, guid: 83c02591e2867124181bcd3bcb65e288,
        type: 3}
      propertyPath: OnClick.m_PersistentCalls.m_Calls.Array.data[1].m_MethodName
      value: set_enabled
      objectReference: {fileID: 0}
    - target: {fileID: 3947857685051957395, guid: 83c02591e2867124181bcd3bcb65e288,
        type: 3}
      propertyPath: OnClick.m_PersistentCalls.m_Calls.Array.data[1].m_Arguments.m_ObjectArgumentAssemblyTypeName
      value: UnityEngine.Object, UnityEngine
      objectReference: {fileID: 0}
    - target: {fileID: 3947857685051957395, guid: 83c02591e2867124181bcd3bcb65e288,
        type: 3}
      propertyPath: OnClick.m_PersistentCalls.m_Calls.Array.data[2].m_MethodName
      value: set_enabled
      objectReference: {fileID: 0}
    - target: {fileID: 3947857685051957395, guid: 83c02591e2867124181bcd3bcb65e288,
        type: 3}
      propertyPath: OnClick.m_PersistentCalls.m_Calls.Array.data[2].m_Arguments.m_ObjectArgumentAssemblyTypeName
      value: UnityEngine.Object, UnityEngine
      objectReference: {fileID: 0}
    - target: {fileID: 3947857685051957395, guid: 83c02591e2867124181bcd3bcb65e288,
        type: 3}
      propertyPath: OnClick.m_PersistentCalls.m_Calls.Array.data[3].m_Mode
      value: 1
      objectReference: {fileID: 0}
    - target: {fileID: 3947857685051957395, guid: 83c02591e2867124181bcd3bcb65e288,
        type: 3}
      propertyPath: OnClick.m_PersistentCalls.m_Calls.Array.data[3].m_CallState
      value: 2
      objectReference: {fileID: 0}
    - target: {fileID: 3947857685051957395, guid: 83c02591e2867124181bcd3bcb65e288,
        type: 3}
      propertyPath: OnClick.m_PersistentCalls.m_Calls.Array.data[3].m_Target
      value: 
      objectReference: {fileID: 827771089501907502}
    - target: {fileID: 3947857685051957395, guid: 83c02591e2867124181bcd3bcb65e288,
        type: 3}
      propertyPath: OnClick.m_PersistentCalls.m_Calls.Array.data[3].m_MethodName
      value: OnDone
      objectReference: {fileID: 0}
    - target: {fileID: 3947857685051957395, guid: 83c02591e2867124181bcd3bcb65e288,
        type: 3}
      propertyPath: OnClick.m_PersistentCalls.m_Calls.Array.data[3].m_Arguments.m_ObjectArgumentAssemblyTypeName
      value: UnityEngine.Object, UnityEngine
      objectReference: {fileID: 0}
    - target: {fileID: 3947857685051957395, guid: 83c02591e2867124181bcd3bcb65e288,
        type: 3}
      propertyPath: OnClick.m_PersistentCalls.m_Calls.Array.data[3].m_Arguments.m_StringArgument
      value: SaveDecoration
      objectReference: {fileID: 0}
    - target: {fileID: 5367702728871346302, guid: 83c02591e2867124181bcd3bcb65e288,
        type: 3}
      propertyPath: OnClick.m_PersistentCalls.m_Calls.Array.size
      value: 2
      objectReference: {fileID: 0}
    - target: {fileID: 5367702728871346302, guid: 83c02591e2867124181bcd3bcb65e288,
        type: 3}
      propertyPath: OnClick.m_PersistentCalls.m_Calls.Array.data[1].m_Mode
      value: 1
      objectReference: {fileID: 0}
    - target: {fileID: 5367702728871346302, guid: 83c02591e2867124181bcd3bcb65e288,
        type: 3}
      propertyPath: OnClick.m_PersistentCalls.m_Calls.Array.data[1].m_CallState
      value: 2
      objectReference: {fileID: 0}
    - target: {fileID: 5367702728871346302, guid: 83c02591e2867124181bcd3bcb65e288,
        type: 3}
      propertyPath: OnClick.m_PersistentCalls.m_Calls.Array.data[1].m_Target
      value: 
      objectReference: {fileID: 827771089501907502}
    - target: {fileID: 5367702728871346302, guid: 83c02591e2867124181bcd3bcb65e288,
        type: 3}
      propertyPath: OnClick.m_PersistentCalls.m_Calls.Array.data[1].m_MethodName
      value: OnRemove
      objectReference: {fileID: 0}
    - target: {fileID: 5367702728871346302, guid: 83c02591e2867124181bcd3bcb65e288,
        type: 3}
      propertyPath: OnClick.m_PersistentCalls.m_Calls.Array.data[1].m_Arguments.m_ObjectArgumentAssemblyTypeName
      value: UnityEngine.Object, UnityEngine
      objectReference: {fileID: 0}
    - target: {fileID: 5367702728871346302, guid: 83c02591e2867124181bcd3bcb65e288,
        type: 3}
      propertyPath: OnClick.m_PersistentCalls.m_Calls.Array.data[1].m_Arguments.m_StringArgument
      value: RemoveDecotion
      objectReference: {fileID: 0}
    - target: {fileID: 3379613108195223346, guid: 83c02591e2867124181bcd3bcb65e288,
        type: 3}
      propertyPath: m_textInfo.characterCount
      value: 10
      objectReference: {fileID: 0}
    - target: {fileID: 3379613108195223346, guid: 83c02591e2867124181bcd3bcb65e288,
        type: 3}
      propertyPath: m_textInfo.spaceCount
      value: 1
      objectReference: {fileID: 0}
    - target: {fileID: 3379613108195223346, guid: 83c02591e2867124181bcd3bcb65e288,
        type: 3}
      propertyPath: m_textInfo.wordCount
      value: 2
      objectReference: {fileID: 0}
    - target: {fileID: 3379613108195223346, guid: 83c02591e2867124181bcd3bcb65e288,
        type: 3}
      propertyPath: m_textInfo.lineCount
      value: 1
      objectReference: {fileID: 0}
    - target: {fileID: 3379613108195223346, guid: 83c02591e2867124181bcd3bcb65e288,
        type: 3}
      propertyPath: m_textInfo.pageCount
      value: 1
      objectReference: {fileID: 0}
    - target: {fileID: 3379613108518374441, guid: 83c02591e2867124181bcd3bcb65e288,
        type: 3}
      propertyPath: m_textInfo.characterCount
      value: 10
      objectReference: {fileID: 0}
    - target: {fileID: 3379613108518374441, guid: 83c02591e2867124181bcd3bcb65e288,
        type: 3}
      propertyPath: m_textInfo.spaceCount
      value: 1
      objectReference: {fileID: 0}
    - target: {fileID: 3379613108518374441, guid: 83c02591e2867124181bcd3bcb65e288,
        type: 3}
      propertyPath: m_textInfo.wordCount
      value: 2
      objectReference: {fileID: 0}
    - target: {fileID: 3379613108518374441, guid: 83c02591e2867124181bcd3bcb65e288,
        type: 3}
      propertyPath: m_textInfo.lineCount
      value: 1
      objectReference: {fileID: 0}
    - target: {fileID: 3379613108518374441, guid: 83c02591e2867124181bcd3bcb65e288,
        type: 3}
      propertyPath: m_textInfo.pageCount
      value: 1
      objectReference: {fileID: 0}
    - target: {fileID: 3379613107725524330, guid: 83c02591e2867124181bcd3bcb65e288,
        type: 3}
      propertyPath: m_textInfo.characterCount
      value: 10
      objectReference: {fileID: 0}
    - target: {fileID: 3379613107725524330, guid: 83c02591e2867124181bcd3bcb65e288,
        type: 3}
      propertyPath: m_textInfo.spaceCount
      value: 1
      objectReference: {fileID: 0}
    - target: {fileID: 3379613107725524330, guid: 83c02591e2867124181bcd3bcb65e288,
        type: 3}
      propertyPath: m_textInfo.wordCount
      value: 2
      objectReference: {fileID: 0}
    - target: {fileID: 3379613107725524330, guid: 83c02591e2867124181bcd3bcb65e288,
        type: 3}
      propertyPath: m_textInfo.lineCount
      value: 1
      objectReference: {fileID: 0}
    - target: {fileID: 3379613107725524330, guid: 83c02591e2867124181bcd3bcb65e288,
        type: 3}
      propertyPath: m_textInfo.pageCount
      value: 1
      objectReference: {fileID: 0}
    - target: {fileID: 3379613107513021181, guid: 83c02591e2867124181bcd3bcb65e288,
        type: 3}
      propertyPath: m_textInfo.characterCount
      value: 12
      objectReference: {fileID: 0}
    - target: {fileID: 3379613107513021181, guid: 83c02591e2867124181bcd3bcb65e288,
        type: 3}
      propertyPath: m_textInfo.spaceCount
      value: 1
      objectReference: {fileID: 0}
    - target: {fileID: 3379613107513021181, guid: 83c02591e2867124181bcd3bcb65e288,
        type: 3}
      propertyPath: m_textInfo.wordCount
      value: 2
      objectReference: {fileID: 0}
    - target: {fileID: 3379613107513021181, guid: 83c02591e2867124181bcd3bcb65e288,
        type: 3}
      propertyPath: m_textInfo.lineCount
      value: 1
      objectReference: {fileID: 0}
    - target: {fileID: 3379613107513021181, guid: 83c02591e2867124181bcd3bcb65e288,
        type: 3}
      propertyPath: m_textInfo.pageCount
      value: 1
      objectReference: {fileID: 0}
    - target: {fileID: 3260291378575425325, guid: 83c02591e2867124181bcd3bcb65e288,
        type: 3}
      propertyPath: m_textInfo.characterCount
      value: 6
      objectReference: {fileID: 0}
    - target: {fileID: 3260291378575425325, guid: 83c02591e2867124181bcd3bcb65e288,
        type: 3}
      propertyPath: m_textInfo.wordCount
      value: 1
      objectReference: {fileID: 0}
    - target: {fileID: 3260291378575425325, guid: 83c02591e2867124181bcd3bcb65e288,
        type: 3}
      propertyPath: m_textInfo.lineCount
      value: 1
      objectReference: {fileID: 0}
    - target: {fileID: 3260291378575425325, guid: 83c02591e2867124181bcd3bcb65e288,
        type: 3}
      propertyPath: m_textInfo.pageCount
      value: 1
      objectReference: {fileID: 0}
    - target: {fileID: 5932013269696855431, guid: 83c02591e2867124181bcd3bcb65e288,
        type: 3}
      propertyPath: m_textInfo.characterCount
      value: 12
      objectReference: {fileID: 0}
    - target: {fileID: 5932013269696855431, guid: 83c02591e2867124181bcd3bcb65e288,
        type: 3}
      propertyPath: m_textInfo.spaceCount
      value: 1
      objectReference: {fileID: 0}
    - target: {fileID: 5932013269696855431, guid: 83c02591e2867124181bcd3bcb65e288,
        type: 3}
      propertyPath: m_textInfo.wordCount
      value: 2
      objectReference: {fileID: 0}
    - target: {fileID: 5932013269696855431, guid: 83c02591e2867124181bcd3bcb65e288,
        type: 3}
      propertyPath: m_textInfo.lineCount
      value: 1
      objectReference: {fileID: 0}
    - target: {fileID: 5932013269696855431, guid: 83c02591e2867124181bcd3bcb65e288,
        type: 3}
      propertyPath: m_textInfo.pageCount
      value: 1
      objectReference: {fileID: 0}
    - target: {fileID: 5875670467222916739, guid: 83c02591e2867124181bcd3bcb65e288,
        type: 3}
      propertyPath: m_textInfo.characterCount
      value: 4
      objectReference: {fileID: 0}
    - target: {fileID: 5875670467222916739, guid: 83c02591e2867124181bcd3bcb65e288,
        type: 3}
      propertyPath: m_textInfo.wordCount
      value: 1
      objectReference: {fileID: 0}
    - target: {fileID: 5875670467222916739, guid: 83c02591e2867124181bcd3bcb65e288,
        type: 3}
      propertyPath: m_textInfo.lineCount
      value: 1
      objectReference: {fileID: 0}
    - target: {fileID: 5875670467222916739, guid: 83c02591e2867124181bcd3bcb65e288,
        type: 3}
      propertyPath: m_textInfo.pageCount
      value: 1
      objectReference: {fileID: 0}
    - target: {fileID: 5875670467545949592, guid: 83c02591e2867124181bcd3bcb65e288,
        type: 3}
      propertyPath: m_textInfo.characterCount
      value: 4
      objectReference: {fileID: 0}
    - target: {fileID: 5875670467545949592, guid: 83c02591e2867124181bcd3bcb65e288,
        type: 3}
      propertyPath: m_textInfo.wordCount
      value: 1
      objectReference: {fileID: 0}
    - target: {fileID: 5875670467545949592, guid: 83c02591e2867124181bcd3bcb65e288,
        type: 3}
      propertyPath: m_textInfo.lineCount
      value: 1
      objectReference: {fileID: 0}
    - target: {fileID: 5875670467545949592, guid: 83c02591e2867124181bcd3bcb65e288,
        type: 3}
      propertyPath: m_textInfo.pageCount
      value: 1
      objectReference: {fileID: 0}
    - target: {fileID: 5875670467076251584, guid: 83c02591e2867124181bcd3bcb65e288,
        type: 3}
      propertyPath: m_textInfo.characterCount
      value: 4
      objectReference: {fileID: 0}
    - target: {fileID: 5875670467076251584, guid: 83c02591e2867124181bcd3bcb65e288,
        type: 3}
      propertyPath: m_textInfo.wordCount
      value: 1
      objectReference: {fileID: 0}
    - target: {fileID: 5875670467076251584, guid: 83c02591e2867124181bcd3bcb65e288,
        type: 3}
      propertyPath: m_textInfo.lineCount
      value: 1
      objectReference: {fileID: 0}
    - target: {fileID: 5875670467076251584, guid: 83c02591e2867124181bcd3bcb65e288,
        type: 3}
      propertyPath: m_textInfo.pageCount
      value: 1
      objectReference: {fileID: 0}
    - target: {fileID: 5875670466231783511, guid: 83c02591e2867124181bcd3bcb65e288,
        type: 3}
      propertyPath: m_textInfo.characterCount
      value: 6
      objectReference: {fileID: 0}
    - target: {fileID: 5875670466231783511, guid: 83c02591e2867124181bcd3bcb65e288,
        type: 3}
      propertyPath: m_textInfo.wordCount
      value: 1
      objectReference: {fileID: 0}
    - target: {fileID: 5875670466231783511, guid: 83c02591e2867124181bcd3bcb65e288,
        type: 3}
      propertyPath: m_textInfo.lineCount
      value: 1
      objectReference: {fileID: 0}
    - target: {fileID: 5875670466231783511, guid: 83c02591e2867124181bcd3bcb65e288,
        type: 3}
      propertyPath: m_textInfo.pageCount
      value: 1
      objectReference: {fileID: 0}
    - target: {fileID: 3260291378575425363, guid: 83c02591e2867124181bcd3bcb65e288,
        type: 3}
      propertyPath: m_Mesh
      value: 
      objectReference: {fileID: 0}
    - target: {fileID: 889928218802616676, guid: 83c02591e2867124181bcd3bcb65e288,
        type: 3}
      propertyPath: m_Mesh
      value: 
      objectReference: {fileID: 0}
    - target: {fileID: 8137400256674896265, guid: 83c02591e2867124181bcd3bcb65e288,
        type: 3}
      propertyPath: m_Mesh
      value: 
      objectReference: {fileID: 0}
    - target: {fileID: 8137400256400528926, guid: 83c02591e2867124181bcd3bcb65e288,
        type: 3}
      propertyPath: m_Mesh
      value: 
      objectReference: {fileID: 0}
    - target: {fileID: 8137400254997111761, guid: 83c02591e2867124181bcd3bcb65e288,
        type: 3}
      propertyPath: m_Mesh
      value: 
      objectReference: {fileID: 0}
    - target: {fileID: 8137400255244241098, guid: 83c02591e2867124181bcd3bcb65e288,
        type: 3}
      propertyPath: m_Mesh
      value: 
      objectReference: {fileID: 0}
    - target: {fileID: 5875670467222916861, guid: 83c02591e2867124181bcd3bcb65e288,
        type: 3}
      propertyPath: m_Mesh
      value: 
      objectReference: {fileID: 0}
    - target: {fileID: 5875670467545949670, guid: 83c02591e2867124181bcd3bcb65e288,
        type: 3}
      propertyPath: m_Mesh
      value: 
      objectReference: {fileID: 0}
    - target: {fileID: 5875670467076251582, guid: 83c02591e2867124181bcd3bcb65e288,
        type: 3}
      propertyPath: m_Mesh
      value: 
      objectReference: {fileID: 0}
    - target: {fileID: 5875670466231783465, guid: 83c02591e2867124181bcd3bcb65e288,
        type: 3}
      propertyPath: m_Mesh
      value: 
      objectReference: {fileID: 0}
    m_RemovedComponents: []
  m_SourcePrefab: {fileID: 100100000, guid: 83c02591e2867124181bcd3bcb65e288, type: 3}
--- !u!4 &2564828925372265849 stripped
Transform:
  m_CorrespondingSourceObject: {fileID: 4773597359991020, guid: 83c02591e2867124181bcd3bcb65e288,
    type: 3}
  m_PrefabInstance: {fileID: 2560560125735902613}
  m_PrefabAsset: {fileID: 0}
